 Dungeon Crawl Stone Soup version 0.23-a0-473-gc8aadda (webtiles) character file.

3990 Amnesiac the Geomancer (level 10, -2/69 HPs)
             Began as a Ghoul Earth Elementalist on Nov 27, 2018.
             Was an Elder of Vehumet.
             Slain by a basilisk (16 damage)
             ... on level 9 of the Dungeon on Nov 28, 2018.
             The game lasted 00:24:20 (7525 turns).

Amnesiac the Geomancer (Ghoul Earth Elementalist)   Turns: 7525, Time: 00:24:21

Health: -2/69      AC:  7    Str: 13    XL:     10   Next: 22%
Magic:  6/19       EV: 15    Int: 13    God:    Vehumet [****..]
Gold:   490        SH:  0    Dex:  9    Spells: 5/23 levels left

rFire    . . .     SeeInvis .   a - +4 scimitar (freeze)
rCold    + + .     Gourm    .   (no shield)
rNeg     + + +     Faith    .   C - +2 robe {rC+}
rPois    ∞         Spirit   .   (no helmet)
rElec    .         Reflect  .   t - +1 cloak
rCorr    .         Harm     .   l - +0 pair of gloves
MR       .....                  (no boots)
Stlth    ++........             y - amulet of the acrobat
HPRegen  0.00/turn              j - +3 ring of evasion
MPRegen  0.16/turn              (no ring)

@: rotting
A: rotting body, claws 1, carnivore, cold resistance 1, negative energy
resistance 3, inhibited regeneration, torment resistance, unbreathing
a: Renounce Religion


You were on level 9 of the Dungeon.
You worshipped Vehumet.
Vehumet was greatly pleased with you.
You were not hungry.

You visited 2 branches of the dungeon, and saw 10 of its levels.
You also visited: Sewer.

You collected 510 gold pieces.
You spent 20 gold pieces at shops.

Inventory:

Hand Weapons
 a - a +4 scimitar of freezing (weapon)
 b - a +2 dagger of draining
 o - a +2 short sword of distortion
 E - a +2 dagger of electrocution
Missiles
 s - 127 stones (quivered)
Armour
 l - a +0 pair of gloves (worn)
 t - a +1 cloak (worn)
 w - the +2 cloak of the Old World {MR++ rCorr Int-4}
   (You found it on level 5 of the Dungeon)

   It affects your intelligence (-4).
   It affects your resistance to hostile enchantments.
   It provides partial protection from all sources of acid and corrosion.
 C - a +2 robe of cold resistance (worn)
Magical Staves
 r - an uncursed staff of conjuration
Jewellery
 j - a +3 ring of evasion (left hand)
 q - an uncursed ring of ice
 y - an amulet of the acrobat (around neck)
Wands
 f - a wand of enslavement (6)
 z - a wand of paralysis (9)
 A - a wand of acid (12)
Scrolls
 e - a scroll of fear {!r}
 i - 8 scrolls of blinking {!r}
 k - 3 scrolls of enchant armour {!r}
 m - 5 scrolls of remove curse {!r}
 n - 3 scrolls of teleportation {!r}
 p - a scroll of amnesia {!r}
 u - 6 scrolls of identify {!r}
Potions
 c - a potion of magic {!q}
 g - 6 potions of curing {!q}
 v - 3 potions of heal wounds {!q}
 x - a potion of cancellation {!q}
Comestibles
 d - 19 rations
 h - 4 chunks of flesh


   Skills:
 - Level 1.7 Dodging
 - Level 2.1 Stealth
 + Level 7.2 Spellcasting
 - Level 0.8 Transmutations
 * Level 12.9 Earth Magic


You had 5 spell levels left.
You knew the following spells:

 Your Spells              Type           Power        Failure   Level  Hunger
a - Sandblast             Erth           #####.       1%          1    None
b - Passwall              Tmut/Erth      ###.....     1%          2    #......
c - Stone Arrow           Conj/Erth      ###...       1%          3    ##.....
d - Lee's Rapid Deconstr  Erth           #####.....   1%          5    ######.
e - Petrify               Tmut/Erth      ###.....     9%          4    ####...
s - Conjure Flame         Conj/Fire      #.......     12%         3    ##.....

Your spell library contained the following spells:

 Spells                   Type           Power        Failure   Level  Hunger
 Yara's Violent Unravell  Hex/Tmut       #.........   61%         5    ######.
 Flame Tongue             Conj/Fire      #....        4%          1    None
 Magic Dart               Conj           #...         4%          1    None
 Sting                    Conj/Pois      #...         4%          1    None
 Searing Ray              Conj           #.....       6%          2    #......
 Throw Flame              Conj/Fire      #.....       6%          2    #......
 Dazzling Spray           Conj/Hex       #.....       12%         3    ##.....
 Inner Flame              Hex/Fire       #.......     12%         3    ##.....
 Mephitic Cloud           Conj/Pois/Air  #.......     12%         3    ##.....
 Poisonous Vapours        Pois/Air       #.....       22%         2    #......
 Force Lance              Conj/Tloc      #.......     36%         4    ####...
 Fulminant Prism          Conj/Hex       #.........   36%         4    ####...
 Iskenderun's Mystic Bla  Conj           #.......     36%         4    ####...
 Olgreb's Toxic Radiance  Pois           #.......     36%         4    ####...
 Sticky Flame             Conj/Fire      #.......     36%         4    ####...
 Fireball                 Conj/Fire      #.........   67%         5    ######.
 Venom Bolt               Conj/Pois      #.........   67%         5    ######.


Dungeon Overview and Level Annotations

Branches:
Dungeon (9/15)             Temple (1/1) D:4            Lair (0/6) D:9
    Orc: D:9-12

Altars:
Ashenzari
Cheibriados
Dithmenos
Elyvilon
Fedhas
Gozag
Hepliaklqana
Kikubaaqudgha
Makhleb
Nemelex Xobeh
Okawaru
Qazlal
Ru
Sif Muna
Trog
Uskayaw
Vehumet
Xom
Yredelemnul
Zin
The Shining One

Shops:
D:6 *


Innate Abilities, Weirdness & Mutations

Your body is rotting away.
You thrive on raw meat.
You are immune to poison.
You have sharp fingernails.
You are carnivorous and can eat meat at any time.
Your flesh is cold resistant. (rC+)
You are immune to negative energy. (rN+++)
You do not regenerate when monsters are visible.
You are immune to unholy pain and torment.
You can survive without breathing.


Message History

The basilisk gazes at you. The basilisk bites you! The basilisk gazes at you.
You resist with some effort.
The basilisk bites you but does no damage.
The basilisk gazes at you. The basilisk bites you. The basilisk bites you!
* * * LOW HITPOINT WARNING * * *
You turn to flesh and can move again.
Unknown command.
The basilisk gazes at you. You resist with some effort.
Casting: Sandblast (safe; 1% risk of failure)
Confirm with . or Enter, or press ? or * to list all spells.
Aiming: Lee's Rapid Deconstruction (safe; 1% risk of failure)
Press: ? - help, Dir - move target cursor A rock wall.
The wall shatters!
The blast of rock fragments hits the basilisk.
You hear a shout!
The basilisk gazes at you. You resist with some effort.
Casting: Lee's Rapid Deconstruction (safe; 1% risk of failure)
Confirm with . or Enter, or press ? or * to list all spells.
Aiming: Lee's Rapid Deconstruction (safe; 1% risk of failure)
Press: ? - help, Dir - move target cursor A rock wall.
The wall shatters!
The blast of rock fragments hits the basilisk.
The basilisk is moderately wounded.
You hear a shout! x2
The basilisk gazes at you.
You are slowing down.
Unknown command.
The basilisk gazes at you.
Your limbs have turned to stone.
You have turned to stone.
The basilisk bites you!
* * * LOW HITPOINT WARNING * * *
The basilisk gazes at you. You resist with some effort.
The basilisk bites you but does no damage.
The basilisk bites you.
* * * LOW HITPOINT WARNING * * *
The basilisk gazes at you. You resist with some effort.
An orc comes into view. It is wielding a +0 short sword.
The basilisk bites you.
* * * LOW HITPOINT WARNING * * *
The basilisk bites you.
* * * LOW HITPOINT WARNING * * *
The basilisk bites you!
* * * LOW HITPOINT WARNING * * *
You turn to flesh and can move again.
Unknown command.
Unknown command.
Eat one of 6 chunks of flesh? (ye/n/q)
You eat one of the 6 chunks of flesh.
This raw flesh tastes great!
The basilisk bites you!
* * * LOW HITPOINT WARNING * * *
Eat one of 5 chunks of flesh? (ye/n/q)
You eat one of the 5 chunks of flesh.
This raw flesh tastes great!
The basilisk bites you!
You die...

..........##.#.#.#####
#####..o....o÷.......#
########.###.###.##...
##...........# #.
##...######.# #.
#oo....# #. #o#.##.#
#. #l#)##)# #.
#@#.##.# #. #.#)##.#
##. #.#.##.# #..
#......# #.. ###.####
#.. #.##### #.)
#..÷..# #.# #####.####
#.# #....#####.#


You could see a basilisk, an orc warrior, an orc wizard and an orc.

Vanquished Creatures
  An elephant (D:9)
  2 hippogriffs
  A yak (D:9)
  A basilisk (D:9)
  A hungry ghost (D:7)
  2 sky beasts (D:8)
  2 ice beasts
  3 phantoms
  2 ogres
  2 centaurs
  A bullfrog (Sewer)
  A gnoll sergeant (D:7)
  A wyvern skeleton (D:9)
  4 wights (D:8)
  7 howler monkeys
  4 crimson imps
  A quasit (D:8)
  7 hounds
  A jelly (D:8)
  An orc priest (D:3)
  6 orc wizards
  Crazy Yiuf (D:6)
  2 bullfrog skeletons
  A centaur skeleton (D:8)
  4 iguanas
  3 worker ants
  3 hound skeletons
  A worker ant zombie (D:6)
  6 gnolls
  A howler monkey skeleton (D:4)
  15 adders
  2 shadow imps
  2 oozes
  3 worms
  A dart slug (D:2)
  7 leopard geckos
  17 orcs
  6 ball pythons
  3 bats
  5 giant cockroaches
  14 hobgoblins
  13 jackals
  5 kobolds
  4 quokkas
  10 frilled lizards
  3 goblins (D:3)
  2 jackal skeletons
  A leopard gecko skeleton (D:4)
  2 leopard gecko zombies (D:6)
  A quokka skeleton (D:5)
  4 rats
  A spectral orc (D:5)
194 creatures vanquished.

Vanquished Creatures (others)
  A fungus (D:9)
  2 plants (D:9)
3 creatures vanquished.

Grand Total: 197 creatures vanquished

Notes
Turn   | Place    | Note
-------+----------+-------------------------------------------
     0 | D:1      | Amnesiac the Ghoul Earth Elementalist began the quest for
                  | the Orb.
     0 | D:1      | Reached XP level 1. HP: 14/14 MP: 2/2
    69 | D:1      | You fall through a shaft!
   131 | D:2      | Found an opulent altar of Gozag.
   144 | D:2      | Reached XP level 2. HP: 13/20 MP: 0/4
   152 | D:2      | Learned a level 2 spell: Passwall
   292 | D:2      | Reached skill level 4 in Earth Magic
   292 | D:2      | Reached XP level 3. HP: 21/26 MP: 2/5
   770 | D:4      | Reached XP level 4. HP: 20/33 MP: 0/6
   859 | D:4      | Reached skill level 5 in Earth Magic
   936 | D:4      | Noticed a phantom
   994 | D:4      | Killed a phantom
   994 | D:4      | Reached XP level 5. HP: 32/38 MP: 0/8
  1230 | D:4      | Reached skill level 6 in Earth Magic
  1230 | D:4      | Reached XP level 6. HP: 15/45 MP: 0/9
  1323 | D:4      | Learned a level 5 spell: Lee's Rapid Deconstruction
  1519 | D:4      | Learned a level 3 spell: Conjure Flame
  1628 | D:4      | Found a staircase to the Ecumenical Temple.
  1628 | D:4      | Noticed a phantom
  1636 | Temple   | Entered the Ecumenical Temple
  1702 | Temple   | Became a worshipper of Vehumet
  1754 | Temple   | Killed a phantom
  1754 | Temple   | Reached skill level 7 in Earth Magic
  1754 | Temple   | Reached XP level 7. HP: 16/50 MP: 2/11
  2492 | D:1      | Reached * piety under Vehumet
  2492 | D:1      | Offered knowledge of Magic Dart by Vehumet.
  3262 | D:3      | Found a shattered altar of Ashenzari.
  3532 | D:3      | Found a shimmering altar of Xom.
  3568 | D:3      | Reached skill level 8 in Earth Magic
  3711 | D:3      | Found a sacrificial altar of Ru.
  3794 | D:3      | Learned a level 3 spell: Stone Arrow
  3973 | D:5      | Entered Level 5 of the Dungeon
  3985 | D:5      | Reached XP level 8. HP: 23/57 MP: 8/13
  3991 | D:5      | Got a steaming cloak
  4002 | D:5      | Identified the +2 cloak of the Old World {MR++ rCorr Int-4}
                  | (You found it on level 5 of the Dungeon)
  4138 | D:5      | Found a glowing drain.
  4142 | D:5      | Reached ** piety under Vehumet
  4178 | Sewer    | Entered a sewer
  4202 | Sewer    | Offered knowledge of Freeze by Vehumet.
  4487 | D:5      | Found a basalt altar of Yredelemnul.
  4615 | D:5      | Reached skill level 9 in Earth Magic
  4801 | D:6      | Reached skill level 5 in Spellcasting
  4832 | D:6      | Found a shimmering altar of Xom.
  4834 | D:6      | Found a burning altar of Makhleb.
  5200 | D:6      | Offered knowledge of Static Discharge by Vehumet.
  5216 | D:6      | Found Nuixke Jaug's Assorted Antiques.
  5245 | D:6      | Bought a scroll labeled XOVOLUPP EMPOGGAX for 20 gold
                  | pieces
  5445 | D:6      | Found a runed door.
  5598 | D:6      | Found an iron altar of Okawaru.
  5661 | D:6      | Noticed Crazy Yiuf
  5664 | D:6      | Killed Crazy Yiuf
  5737 | D:7      | Found a sacrificial altar of Ru.
  5766 | D:7      | Reached skill level 10 in Earth Magic
  5802 | D:7      | Reached *** piety under Vehumet
  5821 | D:7      | Reached XP level 9. HP: 18/62 MP: 1/16
  6133 | D:7      | Found a hide-covered altar of Uskayaw.
  6136 | D:7      | Noticed a +0 dagger
  6136 | D:7      | Noticed a +3 dagger
  6197 | D:7      | Reached skill level 11 in Earth Magic
  6769 | D:8      | Offered knowledge of Force Lance by Vehumet.
  6779 | D:8      | Learned a level 4 spell: Petrify
  7247 | D:9      | Reached **** piety under Vehumet
  7282 | D:9      | Reached skill level 12 in Earth Magic
  7308 | D:9      | Reached XP level 10. HP: 52/69 MP: 3/19
  7313 | D:9      | Noticed an elephant
  7321 | D:9      | Offered knowledge of Yara's Violent Unravelling by Vehumet.
  7405 | D:9      | Found a staircase to the Lair.
  7447 | D:9      | Killed an elephant
  7525 | D:9      | Slain by a basilisk

Vault maps used:
D:1:      sevenhm_arrival_forest_fort_small_4
D:2:      first_ration, st_stairs_9, minmay_misc_feat_doors,
          nicolae_gozag_seed_capital
D:3:      cheibrodos_ashenzari_chains, marbit_many_paths, led_xom_imps
D:4:      minmay_temple_entry_tees
D:5:      yredelemnul_forgotten_temple_becter, gup_sewer_entry_bowl
D:6:      nicolae_overflow_hidden_temple, serial_shops, nicolae_shop_crystal,
          kennysheep_generic_room_11, uniq_crazy_yiuf_cottage
D:7:      dancing_weapons_uskayaw, basic_altar, chequers_serial_rivers_marsh
D:9:      david_lair_generic
Temple:   regret_index_temple_waves
Sewer:    sewer_frog_island_01

Skill      XL: |  1  2  3  4  5  6  7  8  9 10 |
---------------+-------------------------------+-----
Spellcasting   | 2 3 4 5 6 7 |  7.2
Earth Magic    | 4 5 6 7 8 10 12 | 12.9
Dodging        | |  1.7
Stealth        | |  2.1
Transmutations | |  0.8

Action                   |  1- 3 |  4- 6 |  7- 9 | 10-12 || total
-------------------------+-------+-------+-------+-------++-------
Melee: Unarmed           |    55 |    48 |       |       ||   103
       Dagger            |       |     9 |   298 |       ||   307
       Great sword       |       |       |    80 |       ||    80
       Scimitar          |       |       |    29 |    11 ||    40
 Cast: Sandblast         |    23 |    56 |    23 |     4 ||   106
       Lee's Rapid Decon |       |       |    21 |     8 ||    29
       Passwall          |       |       |     2 |       ||     2
Evoke: Wand              |       |     5 |     1 |       ||     6
  Use: Potion            |       |     3 |     4 |       ||     7
       Scroll            |       |     4 |     8 |       ||    12
 Stab: Sleeping          |     1 |     1 |     1 |       ||     3
  Eat: Chunk             |     6 |    10 |    39 |    13 ||    68
Armor: Robe              |     7 |     9 |   115 |     9 ||   140
Dodge: Dodged            |    51 |    45 |   455 |    28 ||   579
       Rpst.: Great sword |       |       |    45 |       ||    45
       Scimitar          |       |       |     8 |     6 ||    14

Table legend:
 A = Non-vault XP
 B = Vault XP
 C = Vault XP percentage of total XP
 D = Non-vault monster count
 E = Vault monster count
 F = Vault count percentage of total count
                 A         B        C        D         E       F
            +---------+---------+-------+---------+---------+-------
      Total |    4458 |    1243 |  21.8 |     163 |      31 |  16.0
            +---------+---------+-------+---------+---------+-------
        D:1 |      31 |       0 |   0.0 |      17 |       0 |   0.0
        D:2 |     212 |       2 |   0.9 |      21 |       1 |   4.5
        D:3 |     105 |     148 |  58.5 |      22 |       4 |  15.4
        D:4 |     352 |       0 |   0.0 |      17 |       0 |   0.0
        D:5 |     228 |      11 |   4.6 |       7 |       4 |  36.4
        D:6 |     470 |      39 |   7.7 |      17 |       1 |   5.6
        D:7 |    1111 |       0 |   0.0 |      25 |       0 |   0.0
        D:8 |     889 |       0 |   0.0 |      21 |       0 |   0.0
        D:9 |     853 |     892 |  51.1 |      13 |       3 |  18.8
     Temple |     207 |       0 |   0.0 |       3 |       0 |   0.0
      Sewer |       0 |     151 | 100.0 |       0 |      18 | 100.0
            +---------+---------+-------+---------+---------+-------
